 Dungeon Crawl Stone Soup version 0.22-a0-362-g535178c (webtiles) character file.

77 Kikal the Vexing (level 4, -17/18 HPs)
             Began as a Felid Enchanter on Apr 19, 2018.
             Blown up by Ijyb (22 damage)
             ... with a wand of disintegration (9)
             ... on level 3 of the Dungeon.
             The game lasted 00:10:56 (3220 turns).

Kikal the Vexing (Felid Enchanter)                  Turns: 3220, Time: 00:10:57

Health: -17/18     AC:  1    Str:  4    XL:     4   Next: 14%
Magic:  0/9        EV: 18    Int: 18    God:
Gold:   131        SH:  0    Dex: 16    Spells: 3/9 levels left
                                        Lives:  0   Deaths: 1

rFire    . . .     SeeInvis +     - Unarmed
rCold    . . .     Gourm    .   (shield unavailable)
rNeg     . . .     Faith    .   (armour unavailable)
rPois    .         Spirit   .   (helmet unavailable)
rElec    .         Reflect  .   (cloak unavailable)
rCorr    .         Harm     .   (gloves unavailable)
MR       .....                  (boots unavailable)
Stlth    +++.......             (no amulet)
HPRegen  0.06/turn              (no ring)
MPRegen  0.11/turn              (no ring)

@: quick
A: very small, no armour, no weapons or thrown items, stealth, claws 1, fangs 3,
see invisible, carnivore, speed 1, shaggy fur 1, slow metabolism 1, sharp paws
a: no special abilities


You were on level 3 of the Dungeon.
You were very full.

You visited 1 branch of the dungeon, and saw 3 of its levels.

You collected 131 gold pieces.

Inventory:

Jewellery
 j - a cursed -2 ring of strength {unknown}
Wands
 m - a wand of flame (25)
Scrolls
 a - 2 scrolls of teleportation {unknown}
 c - 4 scrolls of remove curse {unknown}
 d - a scroll of amnesia {unknown}
 e - a scroll of magic mapping {unknown}
 g - a scroll of fog {unknown}
 i - 3 scrolls of identify {unknown}
 l - a scroll of random uselessness {unknown}
 n - a scroll of fear {unknown}
Potions
 f - a potion of degeneration {unknown}
 h - 3 potions of heal wounds {unknown}
 o - a potion of lignification {unknown}
Comestibles
 b - 4 rations
 k - a chunk of flesh


   Skills:
 - Level 2.6 Dodging
 + Level 4.4 Stealth
 + Level 2.9 Unarmed Combat
 - Level 3.0 Spellcasting
 + Level 5.0 Hexes
 - Level 2.0 Ice Magic


You had 3 spell levels left.
You knew the following spells:

 Your Spells              Type           Power        Failure   Level  Hunger
a - Corona                Hex            ###....      1%          1    None
b - Ensorcelled Hibernat  Hex/Ice        ###...       6%          2    ##.....
c - Confuse               Hex            ###.....     6%          3    ###....


Dungeon Overview and Level Annotations

Branches:
Dungeon (3/15)

Altars:
Ashenzari
Elyvilon
Fedhas
Gozag
Zin

Annotations:
D:3 Ijyb


Innate Abilities, Weirdness & Mutations

You cannot wear armour.
You are incapable of wielding weapons or throwing items.
Your paws allow you to move quietly. (Stealth)
You have sharp claws.
You have razor-sharp teeth.
You have supernaturally acute eyesight. (SInv)
You are carnivorous and can eat meat at any time.
You cover ground quickly.
You are covered in fur. (AC +1)
You have a slow metabolism.
Your sharp claws are effective at attacking unaware monsters.


Message History

You scratch Ijyb but do no damage. Ijyb misses you.
You scratch Ijyb. Ijyb misses you.
You scratch Ijyb but do no damage.
Ijyb zaps a wand.
You struggle to resist.
You barely miss Ijyb. You scratch Ijyb but do no damage. Ijyb misses you.
You scratch Ijyb but do no damage. You claw Ijyb, but do no damage.
Ijyb completely misses you.
You barely miss Ijyb. Ijyb closely misses you.
You closely miss Ijyb. Ijyb misses you.
You scratch Ijyb. Ijyb hits you.
You take 3 damage, and have 9/18 hp.
You scratch Ijyb but do no damage.
Ijyb zaps a wand.
You are blasted!
* * * LOW HITPOINT WARNING * * *
You take 4 damage, and have 5/18 hp.
MASSIVE DAMAGE!!
Aim: Ijyb, wearing a leather armour and carrying a wand of disintegration (9) (almost dead, chance to defeat MR: 67%) Ijyb is outlined in light.
Ijyb misses you.
You now have 0/9 mp.
You scratch Ijyb but do no damage.
Ijyb zaps a wand.
You are blasted!
Ouch! That really hurt!
You die...

#. #.# #.###### # #......#
+ #.#......# ...#.#......#
### ..>.........+ ..
#..@g..# #.
...#.#.#################.
..........................
...##.####################
#. # # # #


You could see Ijyb.

Vanquished Creatures
  An orc wizard (D:2)
  Jessica (D:2)
  2 adders (D:2)
  An ooze (D:1)
  An adder skeleton (D:2)
  2 worms (D:2)
  A dart slug (D:1)
  3 leopard geckos
  4 orcs
  A ball python (D:1)
  4 bats (D:2)
  6 giant cockroaches
  6 goblins
  2 hobgoblins
  4 kobolds
  A quokka (D:3)
  7 frilled lizards
  7 rats
54 creatures vanquished.

Notes
Turn   | Place    | Note
-------+----------+-------------------------------------------
     0 | D:1      | Kikal the Felid Enchanter began the quest for the Orb.
     0 | D:1      | Reached XP level 1. HP: 7/7 MP: 4/4
   671 | D:1      | Reached XP level 2. HP: 11/11 MP: 3/6
   677 | D:1      | Learned a level 2 spell: Ensorcelled Hibernation
   924 | D:1      | Reached skill level 5 in Hexes
  1052 | D:1      | Reached XP level 3. HP: 10/14 MP: 5/7
  1595 | D:2      | Learned a level 3 spell: Confuse
  1627 | D:2      | Noticed Jessica
  1632 | D:2      | Killed Jessica
  1632 | D:2      | Reached skill level 1 in Ice Magic
  1868 | D:2      | Reached XP level 4. HP: 13/18 MP: 5/9
  2230 | D:2      | Found a blossoming altar of Fedhas.
  2230 | D:2      | Found a glowing silver altar of Zin.
  2231 | D:2      | Found a white marble altar of Elyvilon.
  2631 | D:2      | Found a shattered altar of Ashenzari.
  2632 | D:2      | Found an opulent altar of Gozag.
  2874 | D:2      | Reached XP level 5. HP: 4/21 MP: 1/10
  2874 | D:2      | Slain by an orc
  2875 | D:2      | Reached XP level 4. HP: -1/18 MP: 1/9
  3192 | D:3      | Noticed Ijyb
  3220 | D:3      | Blown up by Ijyb

Vault maps used:
D:1:      minmay_arrival_wavy_path
D:2:      nicolae_overflow_hidden_temple, palyth_stone_intersect, uniq_jessica
D:3:      chequers_ecumenical_altar_island, uniq_ijyb, uniq_terence

Skill      XL: |  1  2  3  4 |
---------------+-------------+-----
Hexes          | 5 |  5.0
Unarmed Combat | 2 |  2.9
Ice Magic      | 1 2 |  2.0
Spellcasting   | 3 |  3.0
Dodging        | |  2.6
Stealth        | |  4.4

Action                   |  1- 3 |  4- 6 || total
-------------------------+-------+-------++-------
Melee: Unarmed           |    77 |    74 ||   151
       Bite              |     7 |     6 ||    13
       Punch             |       |     1 ||     1
 Cast: Corona            |    24 |     5 ||    29
       Ensorcelled Hiber |     7 |    20 ||    27
       Confuse           |       |     4 ||     4
 Stab: Sleeping          |     9 |    18 ||    27
       Confused          |       |     2 ||     2
  Eat: Chunk             |     9 |     9 ||    18
Armor: Skin              |     4 |     3 ||     7
Dodge: Dodged            |    60 |    53 ||   113

Table legend:
 A = Spawn XP
 B = Non-spawn XP
 C = Spawn XP percentage of total XP
 D = Spawn monster count
 E = Non-spawn monster count
 F = Spawn count percentage of total count
 G = Total turns spent on level
                    A         B        C        D         E        F      G
               +---------+---------+-------+---------+---------+-------+---------
         Total |       0 |     214 |   0.0 |       0 |      54 |   0.0 |  3220
               +---------+---------+-------+---------+---------+-------+---------
           D:1 |       0 |      49 |   0.0 |       0 |      24 |   0.0 |  1512
           D:2 |       0 |     148 |   0.0 |       0 |      23 |   0.0 |  1414
           D:3 |       0 |      17 |   0.0 |       0 |       7 |   0.0 |   294
               +---------+---------+-------+---------+---------+-------+---------
